 Dungeon Crawl Stone Soup version 0.19.0-19-g8c6edcc (webtiles) character file.

32 Inkary the Skirmisher (level 3, -7/24 HPs)
             Began as a Gargoyle Fighter on Nov 15, 2016.
             Killed from afar by Ijyb (12 damage)
             ... with a wand of flame
             ... on level 2 of the Dungeon.
             The game lasted 00:01:02 (749 turns).

Inkary the Skirmisher (Gargoyle Fighter)             Turns: 749, Time: 00:01:03

Health: -7/24      AC: 10    Str: 20    XL:     3   Next: 25%
Magic:  3/3        EV:  7    Int:  8    God:
Gold:   27         SH:  9    Dex:  9    Spells: 0 memorised, 2 levels left

rFire  . . .     SeeInvis .     a - +0 flail
rCold  . . .     Gourm    .     b - +0 scale mail
rNeg   + . .     Faith    .     c - +0 shield
rPois  ∞         Spirit   .     (no helmet)
rElec  +         Reflect  .     (no cloak)
rCorr  .         Harm     .     (no gloves)
MR     .....                    (no boots)
Stlth  ..........               (no amulet)
                                (no ring)
                                (no ring)

@: no status effects
A: negative energy resistance 1, electricity resistance, unbreathing,
petrification resistance, rot immunity, AC +3
a: no special abilities


You were on level 2 of the Dungeon.
You were not hungry.

You visited 1 branch of the dungeon, and saw 2 of its levels.

You collected 27 gold pieces.

Inventory:

Hand Weapons
 a - a +0 flail (weapon)
Armour
 b - a +0 scale mail (worn)
 c - a +0 shield (worn)
 h - a +0 helmet
Jewellery
 i - an uncursed ring of magical power {unknown}
 o - an uncursed ring of protection from cold {unknown}
Scrolls
 k - a scroll of amnesia {unknown}
 l - a scroll of magic mapping {unknown}
 p - a scroll of identify {unknown}
 r - a scroll of noise {unknown}
Potions
 d - a potion of might
 e - 2 potions of curing {unknown}
 j - a potion of degeneration {unknown}
 m - a potion of flight {unknown}
 n - 2 potions of cure mutation {unknown}
 q - a potion of ambrosia {unknown}
Comestibles
 f - 2 bread rations
 g - a royal jelly


   Skills:
 + Level 4.2 Fighting
 + Level 2.6 Maces & Flails
 - Level 3.2 Armour
 - Level 3.2 Shields


You had 2 spell levels left.
You didn't know any spells.

Dungeon Overview and Level Annotations

Branches:
Dungeon (2/15)

Altars:

Annotations:
D:2 Ijyb


Innate Abilities, Weirdness & Mutations

You are resistant to torment.
Your stone body is resilient. (AC +3)
You are immune to poison.
You resist negative energy. (rN+)
You are resistant to electric shocks. (rElec)
You can survive without breathing.
You are immune to petrification.
You are immune to rotting.


Message History

Ijyb hits you but does no damage. The kobold hits you but does no damage.
A rat comes into view.
Your shield and scale mail prevent you from hitting Ijyb.
Ijyb is almost dead.
Ijyb hits you but does no damage. You block the kobold's attack.
Your shield and scale mail prevent you from hitting Ijyb.
Ijyb is almost dead.
Ijyb zaps a wand.
The puff of flame hits you! You block the kobold's attack.
You hit Ijyb but do no damage.
Ijyb is almost dead.
Ijyb zaps a wand.
The puff of flame hits you!
* * * LOW HITPOINT WARNING * * *
You block the kobold's attack.
Ijyb zaps a wand.
You block the puff of flame. The kobold hits you but does no damage.
You are too injured to fight recklessly!
You are too injured to fight recklessly!
You are too injured to fight recklessly!
Ijyb zaps a wand.
The puff of flame hits you!
Ouch! That really hurt!
You die...

####......######
...............#
......#........#####
......#........+<..#
#............#.#.#
#....(Kr.......#.#
#.....g###.#####.#
#...#).# #.#.....#
#...#.@###.#.#####
###...)..(.(.#
.....................
....##...............
... #...##..........
.. #...##.(........ .
....>.......<....
.....)............
..................


You could see Ijyb, a kobold and a rat.

Vanquished Creatures
  2 dart slugs (D:1)
  2 leopard geckos (D:1)
  2 bats (D:1)
  5 goblins
  3 hobgoblins (D:1)
  4 jackals (D:1)
  4 kobolds
22 creatures vanquished.

Notes
Turn   | Place    | Note
-------+----------+-------------------------------------------
     0 | D:1      | Inkary the Gargoyle Fighter began the quest for the Orb.
     0 | D:1      | Reached XP level 1. HP: 14/14 MP: 1/1
   137 | D:1      | Reached XP level 2. HP: 19/19 MP: 2/2
   270 | D:1      | Reached skill level 4 in Fighting
   351 | D:1      | Reached XP level 3. HP: 21/24 MP: 3/3
   726 | D:2      | Noticed Ijyb
   749 | D:2      | Killed from afar by Ijyb

Skill      XL: |  1  2 |
---------------+-------+-----
Fighting       | 4 |  4.2
Maces & Flails | |  2.6
Armour         | |  3.2
Shields        | |  3.2

Action                   || total
-------------------------++-------
Melee: Flail             ||   114
Armor: Scale mail        ||    80
Dodge: Dodged            ||    38
Block: Shield            ||    64
